 Dungeon Crawl Stone Soup version 0.19-a0-628-g9200b3b (webtiles) character file.

483 khekkus the Chopper (level 6, 0/51 HPs)
             Began as a Minotaur Fighter on June 13, 2016.
             Slain by an orc warrior
             ... wielding a +0 halberd
              (8 damage)
             ... on level 6 of the Dungeon.
             The game lasted 00:05:29 (2052 turns).

khekkus the Chopper (Minotaur Fighter)              Turns: 2052, Time: 00:05:29

Health: 0/51       AC: 10    Str: 20    XL:     6   Next: 87%
Magic:  5/5        EV:  0    Int:  6    God:
Gold:   86         SH: 10    Dex: 11    Spells: 0 memorised, 5 levels left

rFire  . . .     SeeInvis .     v - +3 hand axe (chop)
rCold  + . .     Gourm    .     x - +1 chain mail
rNeg   . . .     Faith    .     c - +0 shield
rPois  .         Spirit   .     (helmet restricted)
rElec  .         Dismiss  .     (no cloak)
rCorr  .         Reflect  .     (no gloves)
SustAt .         Harm     .     (no boots)
MR     .....     Rnd*Tele +     (no amulet)
Stlth  ..........               w - ring of flight
                                l - ring of teleportation (curse)

@: not resistant to hostile enchantments, extremely unstealthy
A: retaliatory headbutt, horns 2, cold resistance 1
a: Evoke Flight


You were on level 6 of the Dungeon.
You were not hungry.

You visited 1 branch of the dungeon, and saw 4 of its levels.

You collected 86 gold pieces.

Inventory:

Hand Weapons
 a - a +0 war axe
 v - a +3 hand axe of chopping (weapon)
Armour
 c - a +0 shield (worn)
 x - a +1 chain mail (worn)
Jewellery
 l - a cursed ring of teleportation (left hand)
 w - a ring of flight (right hand)
Wands
 y - a wand of slowing (16/48)
Potions
 j - a potion of lignification
 k - a potion of flight
 o - 4 potions of curing {unknown}
 p - a potion of invisibility
 r - a potion of haste
 u - a potion of heal wounds
Comestibles
 b - 9 chunks of flesh
 f - 6 bread rations
 s - a beef jerky
 t - 2 meat rations


   Skills:
 - Level 3.6 Fighting
 * Level 7.9 Axes
 + Level 4.4 Armour
 - Level 5.0 Shields


You had 5 spell levels left.
You didn't know any spells.

Dungeon Overview and Level Annotations

Branches:
Dungeon (3/15)

Altars:
Ashenzari
Cheibriados
Kikubaaqudgha
Okawaru
Pakellas
Ru
The Shining One


Innate Abilities, Weirdness & Mutations

You reflexively headbutt those who attack you in melee.
You have a pair of horns on your head.
Your flesh is cold resistant. (rC+)


Message History

You block the iguana's attack.
The orc warrior hits you from afar with a halberd!!
* * * LOW HITPOINT WARNING * * *
You are too injured to fight recklessly!
You are too injured to fight recklessly!
You are too injured to fight recklessly!
Unknown command.
Your magical contamination has completely faded away.
You block the iguana's attack.
Some of the chunks of flesh in your inventory have rotted away.
You block the iguana's attack.
You hit the iguana.
You kill the iguana!
Found a stone staircase leading up.
The orc warrior hits you from afar with a halberd!
* * * LOW HITPOINT WARNING * * *
Found 11 poisoned needles.
There is a stone staircase leading up here.
The orc warrior hits you from afar with a halberd!
You die...

...#...#
#..#...#
..#...#
......#
#.#...# ###
#.#...###
..(..#.#.....#
#...@.o...#
.......#.....#
#########.#o##
#.#.# #.#.#
#.#.# ##.#o#
≈# ## #..#a#
.#≈###.##
#..#.#


You could see an orc warrior and an orc.

Vanquished Creatures
  Grinder (D:3)
  A giant frog (D:6)
  Blork the orc (D:6)
  An iguana (D:6)
  An orc wizard (D:3)
  Robin (D:3)
  A howler monkey skeleton (D:6)
  5 adders
  A dart slug (D:3)
  7 giant geckos
  9 bats
  2 giant cockroaches
  13 goblins
  4 hobgoblins
  A quokka (D:6)
  2 ball pythons (D:1)
  2 giant newts (D:3)
  4 kobolds
  5 rats
62 creatures vanquished.

Notes
Turn   | Place    | Note
--------------------------------------------------------------
     0 | D:1      | khekkus the Minotaur Fighter began the quest for the Orb.
     0 | D:1      | Reached XP level 1. HP: 19/19 MP: 0/0
    70 | D:1      | Reached skill level 3 in Axes
   128 | D:1      | Reached XP level 2. HP: 26/26 MP: 1/1
   373 | D:1      | Reached skill level 4 in Axes
   738 | D:2      | Reached XP level 3. HP: 31/31 MP: 2/2
   876 | D:2      | Found an iron altar of Okawaru.
   944 | D:2      | Found a faded altar of an unknown god.
  1011 | D:2      | Found an oddly glowing altar of Pakellas.
  1014 | D:2      | Found an ancient bone altar of Kikubaaqudgha.
  1017 | D:2      | Found a shattered altar of Ashenzari.
  1128 | D:2      | Found a snail-covered altar of Cheibriados.
  1312 | D:2      | Found a glowing golden altar of the Shining One.
  1625 | D:3      | Noticed Robin
  1627 | D:3      | Reached XP level 4. HP: 39/39 MP: 3/3
  1627 | D:3      | Reached skill level 5 in Axes
  1630 | D:3      | Noticed Grinder
  1814 | D:3      | Killed Grinder
  1814 | D:3      | Reached skill level 6 in Axes
  1814 | D:3      | Reached skill level 5 in Shields
  1814 | D:3      | Reached XP level 5. HP: 25/45 MP: 4/4
  1815 | D:3      | Killed Robin
  1815 | D:3      | Reached XP level 6. HP: 29/51 MP: 5/5
  1883 | D:3      | Found a sacrificial altar of Ru.
  1897 | D:3      | Reached skill level 7 in Axes
  1910 | D:3      | You fall through a shaft for 3 floors!
  1911 | D:6      | Noticed Blork the orc
  1929 | D:6      | Killed Blork the orc
  1988 | D:6      | Gained mutation: Your flesh is cold resistant. (rC+) [potion of beneficial mutation]
  2024 | D:6      | Noticed an orc warrior
  2052 | D:6      | Slain by an orc warrior

Vault maps used:
D:1:      wheals_arrival_shading
D:2:      tso_altar, grunt_temple_overflow_diamond,
          nicolae_overflow_crystal_walls, okawaru_trees_2, ecumenical_altar_1
D:3:      wad_river_or_something, yredelemnul_altar_generic,
          nicolae_ru_great_annihilating_truth, portal_sewer_entry_b, uniq_robin,
          uniq_grinder
D:6:      overflow_temple_1_default, temple_fountains, nicolae_water_bricks,
          uniq_blork_the_orc, uniq_crazy_yiuf_cottage

Skill      XL: |  1  2  3  4  5  6 |
---------------+-------------------+-----
Axes           | 3 4 6 7 |  7.9
Shields        | 4 5 |  5.0
Armour         | 4 |  4.4
Fighting       | |  3.6

Action                   |  1- 3 |  4- 6 || total
-------------------------+-------+-------++-------
Melee: War axe           |    51 |       ||    51
       Headbutt          |     7 |    18 ||    25
       Hand axe          |    11 |    81 ||    92
  Use: Potion            |       |     2 ||     2
       Scroll            |       |    11 ||    11
  Eat: Chunk             |     2 |     2 ||     4
Armor: Scale mail        |    32 |       ||    32
       Chain mail        |     3 |    41 ||    44
Dodge: Dodged            |    25 |    15 ||    40
Block: Shield            |    24 |    37 ||    61
